 Dungeon Crawl Stone Soup version 0.31-a0-627-gd65175cf8b (webtiles) character file.

Game seed: 5061314065127081217

30 GordonOverkill the Sneak (level 3, -3/20 HPs)
             Began as a Vine Stalker Delver on Aug 25, 2023.
             Slain by a bullfrog (6 damage)
             ... on level 6 of the Dungeon.
             The game lasted 00:01:20 (291 turns).

GordonOverkill the Sneak (Vine Stalker Delver)       Turns: 291, Time: 00:01:20

Health: -3/20      AC:  3    Str: 16    XL:     3   Next: 18%
Magic:  0/4        EV: 12    Int: 10    God:
Gold:   0          SH:  0    Dex: 15    Spells: 2/2 levels left

rFire   . . .        a - +0 short sword
rCold   . . .        (no shield)
rNeg    . . .        b - +0 leather armour
rPois   .            (no helmet)
rElec   .            (no cloak)
rCorr   .            (no gloves)
SInv    .            (no boots)
Will    .....        (no amulet)
Stlth   +++          (no ring)
HPRegen 0.23/turn    (no ring)
MPRegen 0.09/turn

%: guardian spirit
@: no status effects
A: fangs 2, magic shield, antimagic bite, no potion heal 2
a: no special abilities


You were on level 6 of the Dungeon.
You visited 1 branch of the dungeon, and saw 3 of its levels.

Inventory:

Hand Weapons
 a - a +0 short sword (weapon)
Armour
 b - a +0 leather armour (worn)
Jewellery
 i - a ring of fire
Wands
 g - a wand of digging (3)
Scrolls
 c - a scroll of fog
 d - a scroll of revelation
 e - a scroll of fear
 h - 2 scrolls of identify {unknown}


   Skills:
 - Level 3.0 Fighting
 + Level 2.6 Short Blades
 - Level 2.0 Dodging
 - Level 6.0 Stealth


You had 2 spell levels left.
You didn't know any spells.
Your spell library was empty.

Dungeon Overview and Level Annotations

Branches:
Dungeon (7/15)
 Temple: D:4-7

Altars:

Annotations:
D:7 Joseph, Prince Ribbit


Innate Abilities, Weirdness & Mutations

You have extremely sharp teeth.
When hurt, damage is shared between your health and your magic reserves.
Your bite disrupts and absorbs the magic of your enemies.
Potions cannot restore your health.


Message History

There is a stone staircase leading up here.
You climb upwards.
Your extra speed is starting to run out.
There is a stone staircase leading down here.
You start resting.
You feel yourself slow down.
You start resting.
HP restored.
Found an escape hatch in the floor.
There is an escape hatch in the floor here.
A bullfrog comes into view.
An iguana comes into view.
The bullfrog croaks.
There is an escape hatch in the floor here.
Okay, then.
You hit the bullfrog but do no damage.
The bullfrog hits you but does no damage.
You closely miss the bullfrog. The bullfrog hits you. x2
* * * LOW HITPOINT WARNING * * *
You hit the bullfrog.
The bullfrog is lightly wounded.
The bullfrog hits you.
* * * LOW HITPOINT WARNING * * *
You hit the bullfrog. You bite the bullfrog. You drain its power.
You feel invigorated.
The bullfrog is heavily wounded.
The bullfrog misses you.
You closely miss the bullfrog.
You bite the bullfrog, but do no damage.
The bullfrog is heavily wounded.
The bullfrog barely misses you. The bullfrog hits you.
* * * LOW HITPOINT WARNING * * *
You closely miss the bullfrog. Your bite misses the bullfrog.
The bullfrog is heavily wounded.
The bullfrog hits you.
* * * LOW HITPOINT WARNING * * *
You hit the bullfrog.
The bullfrog is severely wounded.
The bullfrog hits you!
You die...

.### ######.#
..#####......#
#.##......#
####.##.##.#.#
.#.#.....#.##.#
#
.........#.##.#
.#.#.###...##.#
#..>##.#
#.#..#@#
#.#..#F#
#...<#.#
#.########.#
#......>...#
.......########
#...... #......
#.....l


You could see a bullfrog.

Vanquished Creatures
  A jelly (D:7)
1 creature vanquished.

Notes
Turn   | Place    | Note
-------+----------+-------------------------------------------
     0 | D:5      | GordonOverkill the Vine Stalker Delver began the quest for
                  | the Orb.
     0 | D:5      | Reached XP level 1. HP: 11/11 MP: 2/2
    21 | D:7      | Noticed Joseph
    75 | D:7      | Noticed Prince Ribbit
    92 | D:7      | Noticed a jelly
   137 | D:7      | Noticed a jelly
   168 | D:7      | Killed a jelly
   169 | D:7      | Reached XP level 2. HP: 2/16 MP: 3/3
   169 | D:7      | Reached XP level 3. HP: 3/20 MP: 4/4
   273 | D:6      | Noticed a bullfrog
   291 | D:6      | Slain by a bullfrog

Illustrated notes

Levels and vault maps discovered:
D:5:      layout_basic, kennysheep_little_box,
          mainiacjoe_overflow_small_starburst, mainiacjoe_overflow_brackets,
          serial_shops, nicolae_shop_advertising_works
          [nicolae_subvault_shop_adworks], ebering_ghost_sewer_f, minmay_puff
D:6:      layout_basic, fedhas_altar_2, minmay_temple_entry_mist
D:7:      layout_loops_ring, mainiacjoe_overflow_surrounded_room,
          chequers_big_river, minmay_tree_intersection, uniq_prince_ribbit1,
          uniq_duvessa, uniq_joseph

Skill      XL: |  1 |
---------------+----+-----
Fighting       | 3 |  3.0
Short Blades   | 2 |  2.6
Dodging        | 2 |  2.0
Stealth        | |  6.0

Action                     || total
---------------------------++-------
  Melee: Short sword       ||    12
         Bite              ||     4
         Punch             ||     1
    Use: Potion            ||     1
 Armour: Leather armour    ||     5
  Dodge: Dodged            ||     4

Table legend: (Time is in decaauts)
 A = Elapsed time spent in this place.
 B = Non-inter-level travel time spent in this place.
 C = Inter-level travel time spent in this place.
 D = Time resting spent in this place.
 E = Time spent auto-exploring this place.
 F = Levels seen in this place.
 G = Mean time per level.
                   A        B        C        D        E       F      G
               +--------+--------+--------+--------+--------+-----+--------+
         Total |    275 |    275 |      0 |     53 |      0 |   3 |   91.7 |
       Dungeon |    275 |    275 |      0 |     53 |      0 |   3 |   91.7 |
               +--------+--------+--------+--------+--------+-----+--------+

Top non-repeatable levels by time:
     D:7: 172 daAuts
     D:6: 102 daAuts
     D:5: 1 daAuts
